 Dungeon Crawl Stone Soup version 0.28-a0-804-g60983d4ba9 (webtiles) character file.

Game seed: 11435039851130100281

253647 rogsnak the Cloud Mage (level 19, -10/130 HPs)
             Began as a White Draconian Air Elementalist on Nov 7, 2021.
             Was a High Priest of Sif Muna.
             Mangled by a spatial maelstrom (15 damage)
             ... on level 3 of the Abyss on Nov 8, 2021.
             The game lasted 03:43:56 (57362 turns).

rogsnak the Cloud Mage (DrAE)                      Turns: 57362, Time: 03:43:57

Health: -10/130    AC: 15    Str: 10    XL:     19   Next: 38%
Magic:  28/30      EV: 14    Int: 23    God:    Sif Muna [*****.]
Gold:   1974       SH:  7    Dex: 19    Spells: 8/58 levels left

rFire   . . .      SeeInvis .   c - +0 staff of Battle
rCold   + . .      Faith    .   V - +2 buckler
rNeg    . . .      Spirit   .   (armour unavailable)
rPois   +          Reflect  .   h - +1 hat "Limaec" {Fly}
rElec   +          Harm     .   P - +2 cloak
rCorr   +          Rampage  .   (no gloves)
Will    +....      Rage     3%  z - +0 pair of boots
Stlth   ++........              g - amulet of Laithef {RegenMP rElec Str+2}
HPRegen 0.00/turn               H - ring of Dishonesty {rPois rCorr Dex+6}
MPRegen 0.47/turn               l - +6 ring of intelligence

@: sick, flying, studying Shields, unable to read
A: breathe frost, AC +10, unfitting armour, cold resistance 1, cold-blooded,
[berserk 2], [dopey 2], [low mp 3], [screaming 2], [weak 2], [no potion heal 2],
[subdued magic 3], [inability to read while threatened]
}: 1/15 runes: decaying
a: Breathe Frost, Renounce Religion, Channel Magic, Forget Spell, Divine
Exegesis


You were on level 3 of the Abyss.
You worshipped Sif Muna.
Sif Muna was extremely pleased with you.
You visited 6 branches of the dungeon, and saw 31 of its levels.
You visited the Abyss 2 times.
You also visited: Sewer, Bailey, Gauntlet and Ice Cave.

You collected 5901 gold pieces.
You spent 3927 gold pieces at shops.

Inventory:

Hand Weapons
 b - the +9 short sword of Exchange {venom, Int+3}
   (You found it on level 15 of the Dungeon)

   It poisons the flesh of those it strikes.
   Int:       It affects your intelligence (+3).
 c - the +0 staff of Battle (weapon)
   (You acquired it in a bailey)

   It enhances your conjuration magic.
   It summons a battlesphere in combat, with strength depending on Conjurations
   skill.
   Its strikes trigger the battlesphere's blasts.
 F - a +3 scimitar of flaming
 M - the +9 staff of Wucad Mu {*channel}
   (You found it on level 7 of the Dungeon)

   It occasionally powers its wielder's spells, but with a chance of causing
   confusion or draining the wielder's intelligence.
   It becomes more likely to activate and less likely to backfire with increased
   Evocations skill.
Missiles
 a - 8 curare-tipped darts
 f - 110 poisoned darts
 i - 10 atropa-tipped darts
 D - 7 boomerangs of dispersal
Armour
 h - the +1 hat "Limaec" (worn) {Fly}
   (You acquired it on level 4 of the Dungeon)

   Fly:       It grants you flight.
 q - the +1 hat of the Thunderstorm {Rampage Int+4 Dex-4}
   (You found it on level 1 of the Swamp)

   Int:       It affects your intelligence (+4).
   Dex:       It affects your dexterity (-4).
   Rampage:   It bestows one free step when moving towards enemies.
 z - a +0 pair of boots (worn)
 P - a +2 cloak (worn)
 V - a +2 buckler (worn)
 Z - a scarf of shadows
Magical Staves
 k - a staff of air
 U - a staff of fire
Jewellery
 g - the amulet of Laithef (around neck) {RegenMP rElec Str+2}
   (You acquired it on level 4 of the Dungeon)

   [amulet of magic regeneration]

   It increases your rate of magic regeneration.
   Str:       It affects your strength (+2).
   rElec:     It insulates you from electricity.
 l - a +6 ring of intelligence (right hand)
 w - a ring of protection from cold
 y - a ring of positive energy
 H - the ring of Dishonesty (left hand) {rPois rCorr Dex+6}
   (You bought it in a shop on level 7 of the Dungeon)

   [ring of dexterity]

   Dex:       It affects your dexterity (+6).
   rPois:     It protects you from poison.
   rCorr:     It protects you from acid and corrosion.
 W - a ring of wizardry
 X - a ring of willpower
Wands
 s - a wand of acid (22)
 B - a wand of iceblast (66)
 G - a wand of digging (8)
 R - a wand of mindburst (25)
 T - a wand of flame (46)
 Y - a wand of paralysis (9)
Scrolls
 j - 5 scrolls of fog
 m - 13 scrolls of fear
 n - 2 scrolls of immolation
 t - 9 scrolls of teleportation
 u - 6 scrolls of magic mapping
 v - 5 scrolls of enchant weapon
 x - 2 scrolls of summoning
 A - 3 scrolls of brand weapon
 K - 5 scrolls of amnesia
 L - 4 scrolls of torment
 O - 5 scrolls of enchant armour
 S - 5 scrolls of blinking
Potions
 d - 6 potions of mutation
 e - 9 potions of haste
 o - a potion of ambrosia
 p - a potion of berserk rage
 r - 5 potions of cancellation
 C - 6 potions of brilliance
 E - 14 potions of curing
 I - 2 potions of might
 J - 2 potions of invisibility
 N - 4 potions of heal wounds
 Q - 7 potions of flight


   Skills:
 + Level 2.6 Fighting
 - Level 0.1 Long Blades
 + Level 0.2 Staves
 + Level 4.9 Dodging
 - Level 2.0 Stealth
 + Level 2.2 Shields
 + Level 20.4 Spellcasting
 * Level 11.0 Conjurations
 + Level 4.9 Summonings
 + Level 4.3 Ice Magic
 + Level 21.7 Air Magic
 + Level 1.5 Invocations
 + Level 8.3 Evocations


You had 8 spell levels left.
You knew the following spells:

 Your Spells              Type           Power      Damage    Failure   Level
a - Shock                 Conj/Air       100%       1d9       0%          1
b - Airstrike             Air            30%        N/A       0%          4
c - Mephitic Cloud        Conj/Pois/Air  55%        N/A       0%          3
d - Freezing Cloud        Conj/Ice/Air   29%        6-21      1%          5
e - Swiftness             Air            60%        N/A       0%          3
f - Summon Lightning Spi  Summ/Air       44%        N/A       0%          4
g - Maxwell's Capacitive  Air            30%        ∞         1%          8
h - Iskenderun's Battles  Conj           55%        2d11      1%          5
i - Ozocubu's Armour      Ice            22%        N/A       1%          3
j - Chain Lightning       Conj/Air       33%        3d44      92%         9
k - Irradiate             Conj/Tmut      19%        3d20      3%          5

Your spell library contained the following spells:

 Spells                   Type           Power      Damage    Failure   Level
 Magic Dart               Conj           100%       1d8       0%          1
 Corpse Rot               Necr/Air       76%        N/A       0%          2
 Poisonous Vapours        Pois/Air       76%        N/A       0%          2
 Static Discharge         Conj/Air       67%        N/A       0%          2
 Lightning Bolt           Conj/Air       33%        1d51      0%          5
 Apportation              Tloc           24%        N/A       1%          1
 Foxfire                  Conj/Fire      100%       2x1d9     1%          1
 Freeze                   Ice            88%        1d10      1%          1
 Pain                     Necr           48%        1d6       1%          1
 Sandblast                Erth           24%        2d8       1%          1
 Slow                     Hex            48%        N/A       1%          1
 Sting                    Tmut/Pois      48%        1d5       1%          1
 Summon Small Mammal      Summ           96%        N/A       1%          1
 Blink                    Tloc           24%        N/A       1%          2
 Call Imp                 Summ           24%        N/A       1%          2
 Ensorcelled Hibernation  Hex/Ice        34%        N/A       1%          2
 Passwall                 Tmut/Erth      10%        N/A       1%          2
 Sublimation of Blood     Necr           12%        N/A       1%          2
 Wereblood                Tmut           12%        N/A       1%          2
 Call Canine Familiar     Summ           24%        N/A       1%          3
 Conjure Flame            Conj/Fire      38%        6-21      1%          3
 Dazzling Flash           Conj/Hex       76%        N/A       1%          3
 Frozen Ramparts          Ice            44%        1d6       1%          3
 Stone Arrow              Conj/Erth      76%        3d11      1%          3
 Summon Guardian Golem    Hex/Summ       18%        N/A       1%          3
 Flame Wave               Conj/Fire      38%        3d8       1%          4
 Fulminant Prism          Conj/Hex       19%        3d11      1%          4
 Hailstorm                Conj/Ice       46%        3d11      1%          4
 Iskenderun's Mystic Bla  Conj/Tloc      38%        2d9       1%          4
 Sticky Flame             Conj/Fire      38%        2d6       1%          4
 Summon Ice Beast         Ice/Summ       23%        N/A       1%          4
 Silence                  Hex/Air        19%        N/A       1%          5
 Conjure Ball Lightning   Conj/Air       33%        3x3d11    1%          6
 Confusing Touch          Hex            12%        N/A       3%          3
 Gell's Gravitas          Tloc           12%        N/A       3%          3
 Ignite Poison            Fire/Tmut/Pois 12%        N/A       3%          3
 Inner Flame              Hex/Fire       12%        N/A       3%          3
 Portal Projectile        Hex/Tloc       24%        N/A       3%          3
 Spider Form              Tmut/Pois      12%        N/A       3%          3
 Teleport Other           Tloc           12%        N/A       3%          3
 Tukima's Dance           Hex            12%        N/A       3%          3
 Fireball                 Conj/Fire      19%        3d9       3%          5
 Ice Form                 Ice/Tmut       17%        N/A       4%          4
 Orb of Destruction       Conj           27%        9d11      13%         7
 Storm Form               Tmut/Air       19%        N/A       13%         7
 Cause Fear               Hex            6%         N/A       14%         4
 Dispel Undead            Necr           12%        3d9       14%         4
 Leda's Liquefaction      Hex/Erth       6%         N/A       14%         4
 Petrify                  Tmut/Erth      12%        N/A       14%         4
 Summon Forest            Summ/Tloc      9%         N/A       14%         5
 Summon Mana Viper        Hex/Summ       18%        N/A       14%         5
 Metabolic Englaciation   Hex/Ice        8%         N/A       16%         5
 Iron Shot                Conj/Erth      19%        9d4       24%         6
 Agony                    Necr           12%        N/A       41%         5
 Blade Hands              Tmut           6%         N/A       41%         5
 Excruciating Wounds      Necr           6%         N/A       41%         5
 Lee's Rapid Deconstruct  Erth           6%         3d7*      41%         5
 Manifold Assault         Tloc           12%        N/A       41%         5
 Yara's Violent Unravell  Hex/Tmut       6%         3d5       41%         5
 Spellforged Servitor     Conj/Summ      23%        N/A       45%         7
 Simulacrum               Ice/Necr       8%         N/A       73%         6
 Summon Hydra             Summ           12%        N/A       90%         7
 Ozocubu's Refrigeration  Ice            11%        4d7       95%         7
 Death Channel            Necr           6%         N/A       96%         6
 Dispersal                Tloc           6%         N/A       96%         6
 Eringya's Noxious Bog    Tmut/Pois      6%         N/A       96%         6
 Invisibility             Hex            6%         N/A       96%         6
 Statue Form              Tmut/Erth      8%         N/A       96%         6
 Haunt                    Necr/Summ      9%         N/A       99%         7
 Malign Gateway           Summ/Tloc      9%         N/A       99%         7
 Dragon Form              Tmut           6%         N/A       100%        7
 Ignition                 Fire           6%         3d4       100%        8
 Lehudib's Crystal Spear  Conj/Erth      19%        10d6      100%        8
 Dragon's Call            Summ           12%        N/A       100%        9
 Polar Vortex             Ice            11%        N/A       100%        9
 Shatter                  Erth           6%         3d9*      100%        9
 Animate Armour           Summ/Erth      Unusable   N/A       N/A         4

Dungeon Overview and Level Annotations

Branches:
Dungeon (15/15)            Temple (1/1) D:6            Lair (6/6) D:9
  Swamp (4/4) Lair:3       Spider (0/4) Lair:4        Slime (0/5) Lair:6
    Orc (2/2) D:9             Elf (3/3) Orc:2        Vaults (0/5) D:14
 Depths (0/4) D:15          Sewer (visited)          Bailey (visited)
  IceCv (visited)         Gauntlet (visited)

Altars:
Ashenzari
Cheibriados
Fedhas
Hepliaklqana
Kikubaaqudgha
Makhleb
Nemelex Xobeh
Ru
Sif Muna
Trog
Uskayaw
Vehumet
Xom
Yredelemnul
Zin
The Shining One
Beogh
Jiyva

Shops:
D:4 =*?*?   D:7 =!(:   Orc:2 =[[?   Elf:2 [   Elf:3 ?

Portals:
Hell: Lair:6

Annotations:
D:8 1 runed translucent door, ders's ghost, novice GrFi
D:10 3 runed translucent doors, porpoise's ghost, novice DECj; snackwell's ghost, novice TrHu
Swamp:2 2 transporters, Racryxty's ghost, adept MiBe
Orc:1 2 transporters


Innate Abilities, Weirdness & Mutations

You can breathe waves of freezing cold which knock back foes.
Your icy white scales are hard. (AC +10)
You cannot fit into any form of body armour.
Your flesh is cold resistant. (rC+)
You are cold-blooded and may be slowed by cold attacks.
[You often lose your temper in combat.]
[You are very dopey. (Int -4)]
[Your magical capacity is extremely low. (-30% MP)]
[You frequently scream uncontrollably at your foes.]
[You are very weak. (Str -4)]
[Potions cannot restore your health.]
[Your spells are much easier to cast, but much less powerful.]
[You sometimes lose the ability to read scrolls when taking damage.]


Message History

You resist.
* * * LOW HITPOINT WARNING * * *
Unknown command.
Okay, then.
You cannot read scrolls in your current state!
Unknown command.
You have no ailments to cure.
Unknown command.
A raiju comes into view.
The spriggan defender simulacrum hits you but does no damage.
You are suddenly pulled into a different region of the Abyss!
Found a leather armour.
You start resting.
You can read scrolls again.
You start resting.
A spatial vortex comes into view.
You start resting.
A spatial vortex comes into view.
A spatial vortex comes into view.
You conjure a globe of magical energy.
A spatial maelstrom comes into view.
The spatial maelstrom moves out of view.
You start resting.
A spatial vortex comes into view.
Casting: Shock (safe; 0% risk of failure)
Confirm with . or Enter, or press ? or * to list all spells.
An electric hum fills the air.
A spatial vortex comes into view.
Unknown command.
Unknown command. 2 spatial vortices come into view.
The spatial vortex barely misses your lightning spire.
The spatial vortex hits your lightning spire!
A spatial vortex comes into view.
You block the spatial maelstrom's attack.
The spatial maelstrom hits you!
You feel threatened and lose the ability to read scrolls!
* * * LOW HITPOINT WARNING * * *
Space warps horribly around you!
You die...

.. .. # #.#.
#..## .## ...#
...# ##..
.....#..## .
##..##.@#
.###.#...*v.#
#..#..8#v.#v..
#..#...####.#
##.v...## ##
#.#..v.# .
#..#....#
#...#. ##
#v#.## #..


You could see a spatial maelstrom, 4 spatial vortices, a friendly lightning
spire (summoned) and a friendly battlesphere.

Vanquished Creatures
  Jorgrun (Elf:2)
  A deep elf blademaster (Elf:3)
  Kirke (Lair:5)
  A thorn hunter (Swamp:2)
  A sphinx (Elf:2)
  Gastronok (Lair:3)
  A tentacled starspawn (Abyss:3)
  Agnes (D:14)
  A fenstrider witch (Swamp:4)
  A frost giant (IceCv)
  A fire giant (D:15)
  A deep elf elementalist (Elf:3)
  Nessos (Lair:5)
  3 deep elf demonologists
  Azrael (Orc:2)
  4 deep elf annihilators
  A bunyip (Swamp:2)
  A minotaur (Gauntlet)
  2 dire elephants (Lair:6)
  Snorg (D:14)
  An eidolon (Elf:2)
  2 deep elf death magi
  A great orb of eyes (Elf:2)
  2 eleionomae
  3 boulder beetles
  4 deep elf high priests
  An ice dragon (Swamp:4)
  2 ghost crabs
  7 vault guards (D:14)
  Erolcha (Orc:2)
  14 hydras
  3 centaur warriors
  7 ogre magi
  An alligator (Swamp:4)
  26 dancing weapons
  2 death knights
  13 two-headed ogres
  An orc high priest (Orc:2)
  3 shock serpents (Elf:2)
  18 death yaks
  A sun demon (Lair:6)
  Sonja (D:11)
  12 spriggans
  Nergalle (Orc:2)
  16 deep elf knights
  A sea snake (Elf:2)
  3 goliath frogs
  2 spriggan druids (Swamp:2)
  2 swamp dragons
  A bog body (Swamp:1)
  A phantasmal warrior (D:11)
  A flayed ghost (D:15)
  23 deep elf pyromancers
  3 orc knights
  An orange crystal statue (Elf:3)
  A wizard (Lair:6)
  6 deep elf archers
  7 orc sorcerers
  A necromancer (Elf:1)
  A mana viper (Elf:2)
  2 cyclopes
  27 deep elf zephyrmancers
  5 ugly things
  7 oklob plants (Lair:5)
  4 manticores
  5 will-o-the-wisps
  14 elephants
  3 ice statues
  10 black mambas
  A smoke demon (Abyss:3)
  2 torpor snails
  2 orange demons (Lair:6)
  18 cane toads
  4 efreet
  An unseen horror (D:12)
  9 komodo dragons
  4 demonic crawlers
  7 rime drakes
  An anaconda simulacrum (Elf:2)
  2 kobold demonologists
  Psyche (D:11)
  2 freezing wraiths (Swamp:4)
  A hellwing (Lair:6)
  2 red devils (Lair:6)
  An ice devil (Lair:6)
  A queen bee (shapeshifter) (D:13)
  4 yaktaurs (D:15)
  5 polar bears
  13 hornets
  Prince Ribbit (Lair:3)
  A jumping spider (Elf:2)
  9 tyrant leeches
  4 trolls
  19 blink frogs
  9 dream sheep
  A raiju (Elf:2)
  10 slime creatures
  3 air elementals
  3 redbacks
  2 water elementals (Elf:3)
  5 wraiths
  40 yaks
  7 fire elementals
  3 hogs (Lair:5)
  3 ynoxinuls (Abyss:3)
  6 basilisks
  3 fire bats (Abyss:3)
  2 wyverns
  2 golden eyes (Elf:2)
  A chaos spawn (Abyss:3)
  3 swamp worm simulacra (Swamp:4)
  10 large abominations
  A steam dragon (D:10)
  13 vampire mosquitoes
  17 swamp worms
  Edmund (D:5)
  3 acid dragons
  12 hydra simulacra (Swamp:4)
  15 water moccasins
  6 hell hounds
  A floating eye (D:12)
  2 ice beasts
  A swamp drake (Swamp:3)
  27 orc warriors
  3 sky beasts
  10 ogres
  A black bear (Lair:2)
  A black mamba simulacrum (Elf:2)
  17 wolves
  4 centaurs
  3 kobold brigands
  3 elf zombies (Elf:1)
  12 bullfrogs
  5 earth elementals
  13 small abominations
  2 gnoll sergeants
  2 scorpions
  A water moccasin zombie (D:5)
  3 elephant simulacra
  9 killer bees
  3 wights (D:10)
  An electric eel (Elf:3)
  6 centaur zombies
  5 hounds
  3 jellies (D:6)
  A quasit (Abyss:3)
  13 orc priests
  2 centaur skeletons
  An iguana (D:4)
  33 orc wizards
  A troll simulacrum (Elf:2)
  4 lightning spires (Elf:2)
  A polar bear simulacrum (Lair:5)
  A wolf simulacrum (Lair:5)
  2 hound skeletons
  2 howler monkey zombies
  14 gnolls
  6 adders
  A howler monkey skeleton (D:5)
  A naga simulacrum (Elf:2)
  2 shadow imps
  A white imp (Abyss:3)
  4 ufetubi
  2 swamp drake simulacra (Swamp:4)
  6 worms
  2 dart slugs
  104 orcs
  14 bats
  13 endoplasms
  3 giant cockroaches
  5 goblins
  9 hobgoblins
  11 jackals
  2 quokkas
  9 ball pythons
  5 frilled lizards
  23 kobolds
  6 rats
  8 briar patches (Swamp:1)
  A starspawn tentacle (Abyss:3)
1047 creatures vanquished.

Vanquished Creatures (collateral kills)
  2 deep elf blademasters
  2 azure jellies (Elf:2)
  A deep elf sorcerer (Abyss:3)
  2 bunyips
  A shambling mangrove (Swamp:4)
  A vault guard (D:14)
  2 ice dragons (Swamp:4)
  A boulder beetle (D:12)
  A catoblepas (D:13)
  A two-headed ogre (D:13)
  2 alligators
  A hell hog (Abyss:3)
  4 death yaks (Lair:6)
  A thrashing horror (Abyss:3)
  A spriggan (Swamp:2)
  A goliath frog (Swamp:2)
  2 large abominations (Abyss:3)
  2 bog bodies
  A death drake (Elf:2)
  2 deep elf archers (Elf:1)
  2 deep elf pyromancers
  2 deep elf zephyrmancers (Elf:1)
  An elephant (Lair:6)
  A torpor snail (Gauntlet)
  A smoke demon (Abyss:3)
  A cane toad (Lair:6)
  2 freezing wraiths (Swamp:4)
  3 tyrant leeches
  A jumping spider (Elf:2)
  A red devil (Lair:6)
  A polar bear (IceCv)
  A queen bee (shapeshifter) (Elf:2)
  A hornet (Swamp:2)
  A slime creature (D:12)
  5 small abominations
  A redback (Elf:2)
  A fire bat (Abyss:3)
  3 yaks (Lair:6)
  A tarantella (Elf:2)
  A swamp worm simulacrum (Swamp:4)
  A vampire mosquito (D:12)
  3 hydra simulacra
  2 hell hounds (Lair:6)
  A fire dragon simulacrum (Elf:2)
  An orc warrior (Bailey)
  6 wolves
  A centaur (D:7)
  2 elf zombies (Elf:1)
  An elephant simulacrum (Lair:5)
  2 killer bees (D:7)
  An iron imp (Abyss:3)
  2 swamp drake simulacra (Swamp:4)
85 creatures vanquished.

Vanquished Creatures (others)
  A quicksilver dragon skeleton (Abyss:3)
  A swamp dragon (Swamp:4)
  An unseen horror (D:12)
  A raiju (Abyss:3)
  2 humans (Lair:5)
  A swamp worm (Swamp:4)
  A ball lightning (Elf:2)
  22 demonic plants (Gauntlet)
  16 foxfires
  53 fungi
  70 plants
  6 starspawn tentacles (Abyss:3)
  6 withered plants (D:10)
181 creatures vanquished.

Grand Total: 1313 creatures vanquished

Notes
Turn   | Place    | Note
-------+----------+-------------------------------------------
     0 | D:1      | rogsnak the Draconian Air Elementalist began the quest for
                  | the Orb.
     0 | D:1      | Reached XP level 1. HP: 14/14 MP: 3/3
   318 | D:1      | Reached XP level 2. HP: 20/20 MP: 3/5
  1056 | D:1      | Reached XP level 3. HP: 26/26 MP: 4/6
  2161 | D:2      | Found a faded altar of an unknown god.
  2282 | D:2      | Reached skill level 4 in Air Magic
  2343 | D:2      | Reached XP level 4. HP: 33/33 MP: 3/8
  2568 | D:3      | Learned a level 4 spell: Airstrike
  3607 | D:4      | Found Xibbum's Magic Scroll Shop.
  3622 | D:4      | Found Ankock's Magic Scroll Shoppe.
  3653 | D:4      | Found Wopuces's Jewellery Emporium.
  3741 | D:4      | Found Fieriash's Elemental Accessories.
  3751 | D:4      | Found a glowing drain.
  3774 | Sewer    | Entered a sewer
  4888 | D:4      | Reached XP level 5. HP: 35/38 MP: 3/9
  5381 | D:4      | Found Lomnas's General Store.
  5509 | D:5      | Entered Level 5 of the Dungeon
  5760 | D:5      | Reached XP level 6. HP: 40/45 MP: 4/11
  5865 | D:5      | Noticed an ice beast
  5869 | D:5      | Killed an ice beast
  5966 | D:5      | Learned a level 3 spell: Mephitic Cloud
  6008 | D:5      | Reached skill level 5 in Air Magic
  6401 | D:5      | Your scales start taking on an icy white colour.
  6401 | D:5      | Reached XP level 7. HP: 46/51 MP: 6/13
  6401 | D:5      | Gained mutation: Your flesh is cold resistant. (rC+) [White
                  | Draconian growth]
  6522 | D:5      | Noticed Edmund
  6678 | D:5      | Killed Edmund
  6679 | D:5      | Reached skill level 5 in Spellcasting
  7303 | D:6      | Reached skill level 6 in Air Magic
  7499 | D:6      | Reached XP level 8. HP: 58/58 MP: 11/16
  8110 | D:6      | Found a staircase to the Ecumenical Temple.
  8116 | Temple   | Entered the Ecumenical Temple
  8126 | Temple   | Became a worshipper of Sif Muna the Loreminder
  8353 | D:7      | Found Merreem's Weapon Emporium.
  8488 | D:7      | Found the +9 staff of Wucad Mu {*channel}
  8631 | D:7      | Reached skill level 7 in Air Magic
  8993 | D:7      | Found Fueptoapt's Distillery.
  9112 | D:7      | Found Doammi's Jewellery Emporium.
  9252 | D:7      | Reached XP level 9. HP: 63/63 MP: 8/19
  9718 | D:7      | Found Ytocvov's Book Emporium.
 10076 | D:8      | Reached skill level 5 in Conjurations
 10222 | D:8      | Found a sparkling altar of Nemelex Xobeh.
 10236 | D:8      | Reached skill level 8 in Air Magic
 10746 | D:8      | Noticed ders's ghost (novice GrFi)
 10747 | D:8      | Found a runed translucent door.
 11839 | D:9      | Reached * piety under Sif Muna
 12114 | D:9      | Found a staircase to the Lair.
 12167 | D:9      | Reached skill level 9 in Air Magic
 12475 | D:9      | Learned a level 5 spell: Freezing Cloud
 12975 | D:9      | Got the Grimoire of Noxious Fire
 13116 | D:9      | Reached XP level 10. HP: 70/70 MP: 9/22
 13226 | D:9      | Found a staircase to the Orcish Mines.
 13712 | D:10     | Entered Level 10 of the Dungeon
 13712 | D:10     | Noticed a two-headed ogre
 13716 | D:10     | Killed a two-headed ogre
 13828 | D:10     | Reached skill level 10 in Air Magic
 14240 | D:10     | Noticed a two-headed ogre
 14546 | D:10     | Reached ** piety under Sif Muna
 14654 | D:10     | Reached skill level 10 in Spellcasting
 14859 | D:10     | Found a runed translucent gate.
 14860 | D:10     | Found a runed translucent gate.
 14915 | D:10     | Found a runed translucent gate.
 14916 | D:10     | Noticed snackwell's ghost (novice TrHu)
 14918 | D:10     | Noticed porpoise's ghost (novice DECj)
 15140 | D:10     | Killed a two-headed ogre
 15343 | D:11     | Noticed Sonja
 15351 | D:11     | Killed Sonja
 15352 | D:11     | Reached skill level 11 in Air Magic
 15645 | D:11     | Noticed Psyche
 15648 | D:11     | Killed Psyche
 15739 | D:11     | Noticed a cyclops
 15746 | D:11     | Killed a cyclops
 15747 | D:11     | Reached XP level 11. HP: 74/75 MP: 1/25
 15890 | D:11     | Noticed a five-headed hydra
 15910 | D:11     | Noticed a purple ugly thing
 15911 | D:11     | Noticed a two-headed ogre
 15962 | D:11     | Killed a purple ugly thing
 16356 | D:11     | Killed a two-headed ogre
 16539 | D:11     | Noticed an eight-headed hydra
 16542 | D:11     | Noticed a death knight
 16543 | D:11     | Noticed a two-headed ogre
 16810 | D:11     | Killed a death knight
 16981 | D:11     | Noticed a deep elf pyromancer
 17028 | D:11     | Killed a deep elf pyromancer
 17141 | D:11     | Killed an eight-headed hydra
 17142 | D:11     | Reached skill level 12 in Air Magic
 17234 | D:11     | Reached skill level 1 in Fighting
 17388 | D:11     | Killed a five-headed hydra
 17389 | D:11     | Reached skill level 1 in Evocations
 17650 | D:11     | Killed a two-headed ogre
 17783 | D:12     | Reached skill level 1 in Ice Magic
 17984 | D:12     | Noticed a cyan ugly thing
 18052 | D:12     | Noticed a death knight
 18054 | D:12     | Noticed a phantasmal warrior
 18524 | D:11     | Learned a level 3 spell: Swiftness
 18722 | D:4      | Bought a scroll of acquirement for 572 gold pieces
 18722 | D:4      | Acquired the amulet of Laithef {RegenMP rElec Str+2}
 18739 | D:4      | Acquired the +1 hat "Limaec" {Fly}
 18872 | D:11     | Killed a cyan ugly thing
 18946 | D:12     | Noticed a deep elf pyromancer
 18969 | D:11     | Reached XP level 12. HP: 83/83 MP: 3/28
 19365 | D:12     | Reached skill level 13 in Air Magic
 20534 | D:12     | Killed a death knight
 20683 | D:12     | Noticed a boulder beetle
 20813 | Orc:1    | Entered Level 1 of the Orcish Mines
 21021 | Orc:1    | Reached *** piety under Sif Muna
 21181 | Orc:1    | Noticed an orc high priest
 21182 | Orc:1    | Found a transporter.
 21396 | Orc:1    | Noticed an ogre mage
 21405 | Orc:1    | Killed an ogre mage
 21565 | Orc:2    | Entered Level 2 of the Orcish Mines
 21644 | Orc:2    | Found a staircase to the Elven Halls.
 22034 | Orc:1    | Found a transporter.
 22040 | Orc:1    | Noticed an orc warlord
 22043 | Orc:1    | Noticed an orc warlord
 22044 | Orc:1    | Identified the +5 long sword "Loiliok" {protect, Str+3}
 22188 | Orc:2    | Noticed Azrael
 22465 | Orc:2    | Reached skill level 5 in Evocations
 22474 | Orc:2    | Killed Azrael
 22828 | Orc:2    | Noticed an ogre mage
 22910 | Orc:2    | Reached skill level 14 in Air Magic
 22969 | Orc:2    | Noticed a two-headed ogre
 22993 | Orc:2    | Killed a two-headed ogre
 23294 | Orc:2    | Noticed an orc high priest
 23297 | Orc:2    | Killed an orc high priest
 23297 | Orc:2    | Reached **** piety under Sif Muna
 23586 | Orc:2    | Paralysed by something for 3 turns
 23659 | Orc:2    | Killed an ogre mage
 23660 | Orc:2    | Reached XP level 13. HP: 55/89 MP: 18/30
 24063 | Orc:2    | Found Zyoduy's Magic Scroll Shoppe.
 24152 | Orc:2    | Found an ancient bone altar of Kikubaaqudgha.
 24153 | Orc:2    | Noticed Nergalle
 24203 | Orc:2    | Killed Nergalle
 24429 | Orc:2    | Found Urucre's Antique Armour Emporium.
 24430 | Orc:2    | Noticed Erolcha
 24475 | Orc:2    | Found a radiant altar of Vehumet.
 24522 | Orc:2    | Killed Erolcha
 24635 | Orc:2    | Found Fesse's Antique Armour Shoppe.
 24682 | Orc:2    | Found Mecudol's Jewellery Shoppe.
 24830 | Lair:1   | Entered Level 1 of the Lair of Beasts
 24899 | Lair:1   | Identified the +6 dagger of a bailey {vorpal, Int+4}
 25049 | Lair:1   | Found a gate leading to a gauntlet.
 25072 | Gauntlet | Entered a Gauntlet
 25072 | Gauntlet | Found a transporter.
 25072 | Gauntlet | Found a large runed translucent door.
 25072 | Gauntlet | Found a large runed translucent door.
 25072 | Gauntlet | Found a large runed translucent door.
 25072 | Gauntlet | Found a large runed translucent door.
 25072 | Gauntlet | Found a runed translucent door.
 25072 | Gauntlet | Found a runed translucent door.
 25072 | Gauntlet | Found a large runed translucent door.
 25072 | Gauntlet | Found a large runed translucent door.
 25072 | Gauntlet | Found a large runed translucent door.
 25072 | Gauntlet | Found a large runed translucent door.
 25072 | Gauntlet | Found a large runed translucent door.
 25072 | Gauntlet | Found a large runed translucent door.
 25073 | Gauntlet | Found a large runed translucent door.
 25073 | Gauntlet | Found a large runed translucent door.
 25074 | Gauntlet | Found a large runed translucent door.
 25074 | Gauntlet | Found a large runed translucent door.
 25074 | Gauntlet | Found a large runed translucent door.
 25074 | Gauntlet | Found a large runed translucent door.
 25080 | Gauntlet | Found a runed translucent gate.
 25080 | Gauntlet | Found a runed translucent gate.
 25080 | Gauntlet | Found a runed translucent gate.
 25082 | Gauntlet | Found a transporter.
 25084 | Gauntlet | Found a transporter.
 25086 | Gauntlet | Found a transporter.
 25097 | Gauntlet | Found a transporter.
 25112 | Gauntlet | Found a transporter.
 25120 | Gauntlet | Found a transporter.
 25137 | Gauntlet | Found a transporter.
 25154 | Gauntlet | Found a transporter.
 25160 | Gauntlet | Noticed a quicksilver ooze
 25163 | Gauntlet | Found a transporter.
 25202 | Gauntlet | Found the brooch of Shielding {Spirit SH+8}
 25204 | Gauntlet | Found a transporter.
 25209 | Gauntlet | Found a transporter.
 25260 | Gauntlet | Found a transporter.
 25262 | Gauntlet | Noticed a dire elephant
 25265 | Gauntlet | Found a transporter.
 25280 | Gauntlet | Found a transporter.
 25303 | Gauntlet | Found a transporter.
 25322 | Gauntlet | Found a transporter.
 25350 | Gauntlet | Found a transporter.
 25403 | Gauntlet | Learned a level 4 spell: Summon Lightning Spire
 25407 | Gauntlet | Reached skill level 15 in Air Magic
 25756 | Gauntlet | Identified the -2 pair of gloves "Dadobloe" {rC- Str+3
                  | Dex+3}
 25849 | Gauntlet | Noticed a minotaur
 25857 | Gauntlet | Killed a minotaur
 25857 | Gauntlet | Reached ***** piety under Sif Muna
 25918 | Gauntlet | Got the Grimoire of Glacial Companions
 26074 | Lair:1   | Received a gift from Sif Muna
 26075 | Lair:1   | Got Gigahius's Reference Book on Conjuration and Feathers
                  | {god gift}
 26916 | Lair:2   | Learned a level 8 spell: Maxwell's Capacitive Coupling
 28324 | Lair:3   | Found a staircase to the Swamp.
 28417 | Lair:3   | Noticed Gastronok
 28427 | Lair:3   | Killed Gastronok
 28428 | Lair:3   | Reached skill level 16 in Air Magic
 28428 | Lair:3   | Reached XP level 14. HP: 96/96 MP: 13/32
 28604 | Lair:3   | Noticed Prince Ribbit
 28606 | Lair:3   | Killed Prince Ribbit
 29199 | Lair:4   | Received a gift from Sif Muna
 29202 | Lair:4   | Got Sif Muna's Catalogue of Confrontation and Shape
                  | Shifting {god gift}
 29334 | Lair:4   | Found a hole to the Spider Nest.
 29831 | Lair:4   | Reached skill level 15 in Spellcasting
 30651 | Lair:5   | Noticed Nessos
 30733 | Lair:5   | Noticed Kirke
 30833 | Lair:5   | Found a frozen archway.
 30974 | IceCv    | Entered an ice cave
 31531 | IceCv    | Noticed a frost giant
 31538 | IceCv    | Killed a frost giant
 31991 | IceCv    | Reached skill level 17 in Air Magic
 32606 | Lair:5   | Killed Nessos
 32692 | Lair:5   | Killed Kirke
 32693 | Lair:5   | Reached XP level 15. HP: 88/102 MP: 5/34
 33867 | Lair:5   | Received a gift from Sif Muna
 33876 | Lair:5   | Learned a level 5 spell: Iskenderun's Battlesphere
 34535 | Lair:6   | Entered Level 6 of the Lair of Beasts
 34916 | Lair:6   | Reached skill level 1 in Summonings
 35426 | Lair:6   | Found a viscous altar of Jiyva.
 35426 | Lair:6   | Found a staircase to the Slime Pits.
 35518 | Lair:6   | Reached skill level 18 in Air Magic
 35573 | Lair:6   | Acquired 547 gold pieces
 35612 | Lair:6   | Found a blossoming altar of Fedhas.
 36228 | Lair:6   | Found a burning altar of Makhleb.
 36647 | Lair:6   | Found a gateway to Hell.
 37097 | D:4      | Bought a scroll of acquirement for 624 gold pieces
 37097 | D:4      | Bought a scroll of acquirement for 624 gold pieces
 37097 | D:4      | Acquired a staff of conjuration
 37098 | D:4      | Acquired 705 gold pieces
 37187 | D:7      | Bought the ring of Dishonesty {rPois rCorr Dex+6} for 753
                  | gold pieces
 37791 | D:12     | Got the Handbook of Warped Stones
 39224 | D:13     | Reached skill level 1 in Shields
 39224 | D:13     | Reached skill level 1 in Invocations
 39224 | D:13     | Reached XP level 16. HP: 111/111 MP: 35/37
 39336 | D:13     | Received a gift from Sif Muna
 39345 | D:13     | Got Noali's Incunabulum of Glacial Creation {god gift}
 39574 | D:14     | Found a flagged portal.
 39644 | Bailey   | Entered a bailey
 40106 | Bailey   | Acquired the +0 staff of Battle
 40106 | Bailey   | Found the +0 staff of Battle
 40119 | Bailey   | Reached XP level 17. HP: 115/116 MP: 26/38
 40555 | D:14     | Noticed Agnes
 40581 | D:14     | Killed Agnes
 40892 | D:14     | Found a gate to the Vaults.
 40907 | D:14     | Noticed Snorg
 40916 | D:14     | Killed Snorg
 41002 | D:15     | Entered Level 15 of the Dungeon
 41010 | D:14     | Reached skill level 19 in Air Magic
 41258 | D:15     | Found a staircase to the Depths.
 41357 | D:15     | Found a shimmering blue altar of Sif Muna.
 41368 | D:15     | Got Sif Muna's Incunabulum of Orientation
 41370 | D:15     | Got Sif Muna's Compendium of Earth
 41602 | D:15     | Received a gift from Sif Muna
 41672 | D:15     | Identified the +9 short sword of Exchange {venom, Int+3}
 42030 | Swamp:1  | Entered Level 1 of the Swamp
 42085 | Swamp:1  | Found a transporter.
 42111 | Swamp:1  | Found a transporter.
 42431 | Swamp:1  | Identified the amulet of the Barracuda {Spirit *Corrode
                  | rC++ Str+8 Stlth-}
 42433 | Swamp:1  | Identified the +1 hat of the Thunderstorm {Rampage Int+4
                  | Dex-4}
 43177 | Swamp:2  | Found a transporter.
 43179 | Swamp:2  | Noticed Racryxty's ghost (adept MiBe)
 43181 | Swamp:2  | Identified the amulet "Umeaff" {Reflect Str+5 Dex+5 SH+5}
 43191 | Swamp:2  | Found a transporter.
 43216 | Swamp:2  | Noticed a tentacled monstrosity
 45066 | Swamp:3  | Received a gift from Sif Muna
 45071 | Swamp:3  | Got Sif Muna's Handbook of Dusty Beguiling {god gift}
 45315 | Swamp:4  | Entered Level 4 of the Swamp
 46483 | Swamp:4  | Reached skill level 20 in Air Magic
 47091 | Swamp:4  | Reached XP level 18. HP: 119/125 MP: 33/40
 47155 | Swamp:4  | Got a decaying rune of Zot
 47450 | Elf:1    | Entered Level 1 of the Elven Halls
 47517 | Orc:2    | Bought a shiny kite shield for 202 gold pieces
 47921 | Elf:1    | Received a gift from Sif Muna
 47949 | Elf:1    | Got Sif Muna's Almanac of the Nocuous Snowflakes {god gift}
 49046 | Elf:1    | Got the Almanac of Calling
 49230 | Elf:1    | Got the Compendium of Unholy Secrets
 50420 | Elf:2    | Found Wunkyk's Antique Armour Boutique.
 50420 | Elf:2    | Noticed Jorgrun
 50435 | Elf:2    | Killed Jorgrun
 50479 | Elf:2    | Bought an embroidered scarf for 320 gold pieces
 50504 | Elf:2    | Reached skill level 10 in Conjurations
 50681 | Elf:2    | Found a runed translucent gate.
 50733 | Elf:2    | Found a runed translucent gate.
 50733 | Elf:2    | Found a runed translucent gate.
 51122 | Elf:2    | Received a gift from Sif Muna
 51147 | Elf:2    | Got the Catalogue of Intoxication
 51394 | Elf:2    | Got Zosy's Tome of Air
 51609 | Elf:2    | Got the Catalogue of Beguiling
 52225 | Elf:2    | Got the Almanac of the Snowflakes
 52418 | Elf:2    | Reached skill level 21 in Air Magic
 52811 | Elf:2    | Learned a level 3 spell: Ozocubu's Armour
 53169 | Elf:2    | Received a gift from Sif Muna
 53170 | Elf:2    | Got Sif Muna's Disquisition on the Cloudy Rocks {god gift}
 53184 | Elf:2    | Learned a level 9 spell: Chain Lightning
 53784 | Elf:2    | Reached XP level 19. HP: 130/130 MP: 31/43
 54096 | Elf:3    | Entered Level 3 of the Elven Halls
 54645 | Elf:3    | Found Dir Mawn's Magic Scroll Shoppe.
 54779 | Elf:3    | Bought a scroll of acquirement for 832 gold pieces
 54779 | Elf:3    | Acquired 996 gold pieces
 54801 | Elf:3    | Found an ancient bone altar of Kikubaaqudgha.
 55355 | Elf:3    | Learned a level 5 spell: Irradiate
 55415 | Elf:3    | Noticed a Brimstone Fiend
 55674 | Elf:3    | Cast into level 3 of the Abyss (a deep elf demonologist)
 55674 | Abyss:3  | Noticed an ancient lich
 55686 | Elf:3    | Escaped the Abyss
 55687 | Elf:3    | Noticed a Tzitzimitl
 56067 | Elf:3    | Identified the amulet "Uhogrolu" {Reflect rElec rF+ Slay+2
                  | SH+5}
 56365 | Elf:3    | Identified the +7 mace of Ikian {vorpal, Str+2 Int-5 SInv}
 56379 | Elf:3    | Cast into level 3 of the Abyss (a deep elf demonologist)
 57246 | Abyss:3  | Found a corrupted altar of Lugonu.
 57362 | Abyss:3  | HP: 5/130 [spatial maelstrom (10)]
 57362 | Abyss:3  | Mangled by a spatial maelstrom

Illustrated notes

Levels and vault maps discovered:
D:1:      erik_arrival_triangle_small, layout_basic
D:2:      layout_rooms, shapermc_ecumenical_altar_mp_ritualfount,
          minmay_pentomino_s2
D:3:      layout_basic, minmay_parallelograms
D:4:      layout_gridville, serial_shops, shop, nicolae_stop_n_shop_2,
          nicolae_take_the_stairs, kennysheep_little_box,
          cheibrodos_sewer_entry_sluice, nicolae_elemental_shop
D:5:      layout_loops_ring, uniq_edmund
D:6:      layout_cave_pools, minmay_temple_entry_ruins
D:7:      layout_basic, serial_shops, shop, kennysheep_mini_moat, shop,
          nicolae_shop_crystal
D:8:      layout_loops_corners, old_standard_altar, hellmonk_ghost_big_iron,
          hangedman_abyss_or_decor_clamps, minmay_diced_spiral
D:9:      layout_gridville, dpeg_oklobed_lair, david_orc_1_choice,
          serial_rivers, chequers_serial_rivers_marsh,
          chequers_serial_rivers_micro_a, chequers_serial_rivers_small_a,
          chequers_serial_rivers_small_a
D:10:     layout_loops_cross, gammafunk_ghost_cemetery
D:11:     layout_stronghold, grunt_tough_drop, uniq_sonja, uniq_psyche
D:12:     cheibrodos_hippocracy, layout_rooms
D:13:     layout_roguey
D:14:     layout_roguey, erik_vaults_2, lightli_bailey_entry_fortress,
          minmay_misc_feat_tower, uniq_snorg, uniq_agnes
D:15:     grunt_enter_depths_giant_problem, layout_small_grid,
          hangedman_decor_lopped, chequers_serial_rivers_micro_b,
          nicolae_sif_muna_little_library
Temple:   dpeg_three_leaves_temple
Lair:1:   layout_loops_ring, gauntlet_entry_generic,
          hangedman_lair_unloving_vines, beast_lair_carwin_5
Lair:2:   layout_cave_pods
Lair:3:   layout_gridlike, minmay_swamp_entry_wisps, uniq_gastronok,
          uniq_prince_ribbit2
Lair:4:   layout_cellular_growth, spider_nest_entry_a
Lair:5:   layout_layer_cave, portal_ice_cave_entry_ice_simulacra,
          small_statue_intersection, ldierk_geyser, dpeg_oklob_1,
          grunt_megastairs_5, uniq_kirke, uniq_nessos
Lair:6:   evil_forest, layout_regular_city, dpeg_slime_entry_enclosed_altar,
          basic_altar
Swamp:1:  gammafunk_worm_tunnel, layout_basic_swamp, nicolae_swamp_long_stream,
          swamp_pool1
Swamp:2:  layout_basic_swamp, gammafunk_ghost_arena, evilmike_swamp_ruin_house_1
Swamp:3:  layout_basic_swamp, evilmike_swamp_ruin_rubble_1, swamp_pool1,
          hangedman_swamp_wriggling
Swamp:4:  swamp_icy, layout_basic_swamp, swamp_pool1
Orc:1:    gammafunk_beogh_shrine, layout_caves, mines4_lemuel
Orc:2:    kennysheep_orc_mage_school, layout_caves, bh_open_orc_temple,
          uniq_azrael
Elf:1:    eino_elf_arrival_shootout, layout_gridlike, minmay_elf_necromancy,
          minmay_elf_demonology
Elf:2:    elven_hall_of_blades_hangedman_original
          [nicolae_blade_entry_floor_patterns], layout_rooms, serial_shops,
          shop, serial_hangedman_research, hangedman_research_toxicology,
          hangedman_research_electronics, hangedman_research_thermodynamics,
          hangedman_research_probablistics, hangedman_research_quantum,
          uniq_jorgrun
Elf:3:    elf_hall, layout_geoelf_castle, serial_shops, shop,
          lemuel_statue_altar
Abyss:3:  base: Spider:3, base: Elf:2, due_evilmike_abyss_rune_seething_liches,
          base: Swamp:2, base: D:3, evilmike_abyss_rune_tso_outpost,
          nicolae_abyss_rune_left_handed

Skill      XL: |  1  2  3  4  5  6  7  8  9 10 11 12 13 14 15 16 17 18 19 |
---------------+----------------------------------------------------------+-----
Dodging        | 2 3 4 |  4.9
Stealth        | 2 |  2.0
Air Magic      | 4 5 6 7 9 11 12 14 16 17 18 20 21 | 21.7
Spellcasting   | 3 4 5 7 8 10 12 13 14 15 17 18 20 | 20.4
Conjurations   | 2 3 4 5 6 7 8 9 10 11 | 11.0
Fighting       | 1 2 |  2.6
Evocations     | 2 5 7 8 |  8.3
Ice Magic      | 1 2 3 4 |  4.3
Summonings     | 3 4 |  4.9
Shields        | 1 2 |  2.2
Invocations    | 1 |  1.5
Long Blades    | |  0.1
Staves         | |  0.2

Action                   |  1- 3 |  4- 6 |  7- 9 | 10-12 | 13-15 | 16-18 | 19-21 || total
-------------------------+-------+-------+-------+-------+-------+-------+-------++-------
Melee: Short sword       |    28 |       |       |       |       |       |       ||    28
       Tailslap          |     3 |     2 |     2 |     1 |     8 |     3 |     3 ||    22
       Staff             |     6 |    31 |    14 |     8 |    92 |    10 |    14 ||   175
       Hand axe          |       |       |       |     3 |       |       |       ||     3
       Scimitar          |       |       |       |       |     5 |       |       ||     5
 Cast: Shock             |    90 |   145 |   175 |    96 |    61 |   299 |   102 ||   968
       Airstrike         |       |     2 |    81 |   241 |   413 |   301 |    68 ||  1106
       Mephitic Cloud    |       |       |    19 |    37 |    58 |    23 |     3 ||   140
       Freezing Cloud    |       |       |       |    44 |   108 |   121 |    23 ||   296
       Swiftness         |       |       |       |     3 |       |       |       ||     3
       Summon Lightning  |       |       |       |       |    40 |    67 |    25 ||   132
       Maxwell's Capacit |       |       |       |       |    12 |    19 |     2 ||    33
       Iskenderun's Batt |       |       |       |       |     1 |       |       ||     1
       Irradiate         |       |       |       |       |       |       |     1 ||     1
 Abil: Breathe Frost     |       |       |       |     1 |     3 |       |       ||     4
Evoke: Wand              |       |       |       |     1 |     2 |     1 |       ||     4
  Use: Scroll            |       |     1 |       |     2 |    21 |     8 |     5 ||    37
       Potion            |       |     1 |       |       |     3 |     3 |       ||     7
 Stab: Sleeping          |     1 |       |       |       |       |       |       ||     1
       Confused          |       |       |     1 |       |     6 |       |       ||     7
Armor: Skin              |    19 |    21 |    15 |    45 |    37 |    43 |    22 ||   202
Dodge: Dodged            |    28 |    42 |    38 |    63 |    88 |   102 |    33 ||   394
Block: Buckler           |       |       |       |     2 |    19 |    35 |    17 ||    73

Table legend: (Time is in decaauts)
 A = Elapsed time spent in this place.
 B = Non-inter-level travel time spent in this place.
 C = Inter-level travel time spent in this place.
 D = Time resting spent in this place.
 E = Time spent auto-exploring this place.
 F = Levels seen in this place.
 G = Mean time per level.
                   A        B        C        D        E       F      G
               +--------+--------+--------+--------+--------+-----+--------+
         Total |  57653 |  54886 |   2767 |  19877 |  21063 |  37 | 1558.2 |
       Dungeon |  24917 |  23239 |   1678 |   8581 |   9310 |  15 | 1661.1 |
        Temple |     18 |     18 |      0 |      0 |      0 |   1 |   18.0 |
          Lair |  10151 |   9643 |    508 |   2234 |   5208 |   6 | 1691.8 |
         Swamp |   5053 |   4789 |    264 |   1564 |   2312 |   4 | 1263.2 |
  Orcish Mines |   4119 |   3861 |    258 |   1409 |   1064 |   2 | 2059.5 |
   Elven Halls |   8505 |   8449 |     56 |   3878 |   2340 |   3 | 2835.0 |
         Abyss |    997 |    997 |      0 |    727 |      0 |   2 |  498.5 |
         Sewer |    885 |    885 |      0 |    313 |    266 |   1 |  885.0 |
        Bailey |    672 |    672 |      0 |    344 |     35 |   1 |  672.0 |
      Ice Cave |   1464 |   1464 |      0 |    499 |    527 |   1 | 1464.0 |
      Gauntlet |    868 |    868 |      0 |    327 |      0 |   1 |  868.0 |
               +--------+--------+--------+--------+--------+-----+--------+

Top non-repeatable levels by time:
    D:11: 4287 daAuts
   Elf:2: 3681 daAuts
   Orc:2: 2948 daAuts
     D:9: 2632 daAuts
   Elf:1: 2553 daAuts
  Lair:6: 2339 daAuts
  Lair:5: 2302 daAuts
   Elf:3: 2270 daAuts
    D:10: 1971 daAuts
    D:12: 1956 daAuts
 Swamp:4: 1945 daAuts
     D:7: 1809 daAuts
  Lair:4: 1677 daAuts
     D:8: 1596 daAuts
     D:1: 1579 daAuts
